 Dungeon Crawl Stone Soup version 0.27-a0-1060-gcb85b5eba1 (webtiles) character file.

Game seed: 3055513478165742844

42018 tilp the Covert (level 14, -20/75 HPs)
             Began as a Vine Stalker Brigand on Apr 21, 2021.
             Was a Follower of Uskayaw.
             Killed from afar by an ice dragon (32 damage)
             ... with a blast of cold
             ... in an ice cave.
             The game lasted 00:36:24 (14607 turns).

tilp the Covert (Vine Stalker Brigand)             Turns: 14607, Time: 00:36:24

Health: -20/75     AC: 17    Str: 14    XL:     14   Next: 18%
Magic:  0/32       EV: 17    Int: 10    God:    Uskayaw [*.....]
Gold:   704        SH: 10    Dex: 21    Spells: 13/13 levels left

rFire    . . .     SeeInvis .   b - +9 dagger (flame)
rCold    . . .     Faith    .   K - +0 kite shield
rNeg     + . .     Spirit   +   f - +3 ring mail
rPois    +         Reflect  .   t - +2 helmet
rElec    .         Harm     .   y - +2 ratskin cloak {*Rats rPois rN+ Str-1 Int-1 Dex+1}
rCorr    .         Rampage  .   (no gloves)
Will     +....                  (no boots)
Stlth    +++++.....             E - amulet of magic regeneration
HPRegen  1.22/turn              U - ring of magical power
MPRegen  0.48/turn              V - +4 ring of evasion

@: studying 2 skills
A: fangs 3, regeneration 1, magic shield, antimagic bite, no potion heal 2
a: Renounce Religion, Stomp


You were in an ice cave.
You worshipped Uskayaw.
Uskayaw was aware of your devotion.
You visited 4 branches of the dungeon, and saw 17 of its levels.
You also visited: Ossuary, Bailey and Ice Cave.

You collected 1445 gold pieces.
You spent 741 gold pieces at shops.

Inventory:

Hand Weapons
 a - the +9 dagger of Subjectivity {freeze, *Rage +Blink Will+++ SInv}
   (You bought it in a shop on level 10 of the Dungeon)

   It has been specially enchanted to freeze those struck by it, causing extra
   injury to most foes and up to half again as much damage against particularly
   susceptible opponents.
   It can also slow down cold-blooded creatures.
   It lets you see invisible.
   It lets you blink.
   It may make you go berserk in combat.
   It greatly increases your willpower.
 b - a +9 dagger of flaming (weapon)
 S - the +2 Maxwell's thermic engine {flame, freeze}
   (You found it on level 1 of the Lair of Beasts)

   It has been specially enchanted to burn those struck by it, causing extra
   injury to most foes and up to half again as much damage against particularly
   susceptible opponents.
   Big, fiery blades are also staple armaments of hydra-hunters.
   It has been specially enchanted to freeze those struck by it, causing extra
   injury to most foes and up to half again as much damage against particularly
   susceptible opponents.
   It becomes more effective when it hits something.
   This effect fades over time.
Missiles
 d - 58 poisoned darts (quivered)
 e - 14 curare-tipped darts {!f}
 g - 21 atropa-tipped darts
 B - 3 boomerangs
 G - a throwing net
 M - 6 datura-tipped darts
Armour
 f - a +3 ring mail (worn)
 t - a +2 helmet (worn)
 y - the +2 ratskin cloak (worn) {*Rats rPois rN+ Str-1 Int-1 Dex+1}
   (You found it on level 7 of the Dungeon)

   It affects your strength (-1).
   It affects your intelligence (-1).
   It affects your dexterity (+1).
   It protects you from poison.
   It protects you from negative energy.
 K - a +0 kite shield (worn)
Jewellery
 z - a ring of positive energy
 E - an amulet of magic regeneration (around neck)
 U - a ring of magical power (left hand)
 V - a +4 ring of evasion (right hand)
 W - an amulet of reflection
Wands
 A - a wand of digging (12)
 C - a wand of flame (19)
 H - a wand of polymorph (1)
 L - a wand of acid (12)
Scrolls
 n - 3 scrolls of summoning
 s - 3 scrolls of teleportation
 D - 3 scrolls of fear
 F - 2 scrolls of holy word
 X - a scroll of torment
Potions
 h - 2 potions of cancellation
 m - 4 potions of curing
 p - 3 potions of haste
 q - 4 potions of mutation
 u - 5 potions of flight
 x - 4 potions of ambrosia
 N - a potion of invisibility
Miscellaneous
 j - a lightning rod (4/4)
 P - a piece from Xom's chessboard (15/15)
 Q - a box of beasts (inert)
 T - a tin of tremorstones (2/2)
 Y - a phantom mirror (inert)


   Skills:
 + Level 9.1 Fighting
 - Level 10.0 Short Blades
 - Level 1.7 Throwing
 + Level 9.8 Armour
 + Level 7.3 Dodging
 + Level 11.6 Stealth
 + Level 5.9 Shields
 + Level 11.4 Invocations
 - Level 4.0 Evocations


You had 13 spell levels left.
You didn't know any spells.
Your spell library contained the following spells:

 Spells                   Type           Power      Damage    Failure   Level
 Animate Skeleton         Necr           0%         N/A       91%         1
 Beastly Appendage        Tmut           0%         N/A       91%         1
 Corona                   Hex            0%         N/A       91%         1
 Freeze                   Ice            0%         1d3       91%         1
 Magic Dart               Conj           0%         1d3       91%         1
 Pain                     Necr           0%         1d4       91%         1
 Summon Small Mammal      Summ           0%         N/A       91%         1
 Blink                    Tloc           N/A        N/A       97%         2
 Call Imp                 Summ           0%         N/A       97%         2
 Ensorcelled Hibernation  Hex/Ice        0%         N/A       97%         2
 Slow                     Hex            0%         N/A       97%         2
 Wereblood                Tmut           0%         N/A       97%         2
 Confusing Touch          Hex            0%         N/A       100%        3
 Conjure Flame            Conj/Fire      0%         6-21      100%        3
 Dazzling Flash           Conj/Hex       0%         N/A       100%        3
 Frozen Ramparts          Ice            0%         1d2       100%        3
 Mephitic Cloud           Conj/Pois/Air  0%         N/A       100%        3
 Ozocubu's Armour         Ice            0%         N/A       100%        3
 Spider Form              Tmut/Pois      0%         N/A       100%        3
 Tukima's Dance           Hex            0%         N/A       100%        3
 Vampiric Draining        Necr           0%         2d6       100%        3
 Animate Armour           Summ/Erth      0%         N/A       100%        4
 Animate Dead             Necr           0%         N/A       100%        4
 Hailstorm                Conj/Ice       0%         3d3       100%        4
 Ice Form                 Ice/Tmut       0%         N/A       100%        4
 Leda's Liquefaction      Hex/Erth       0%         N/A       100%        4
 Agony                    Necr           0%         N/A       100%        5
 Bolt of Magma            Conj/Fire/Erth 0%         4d4       100%        5
 Hydra Form               Tmut           0%         N/A       100%        5
 Metabolic Englaciation   Hex/Ice        0%         N/A       100%        5
 Iron Shot                Conj/Erth      0%         9d1       100%        6
 Statue Form              Tmut/Erth      0%         N/A       100%        6
 Shatter                  Erth           0%         3d5*      100%        9


Dungeon Overview and Level Annotations

Branches:
Dungeon (11/15)            Temple (1/1) D:6            Lair (6/6) D:11
    Orc (1/2) D:11        Ossuary (visited)          Bailey (visited)
  IceCv (1/1)
  Swamp: Lair:2-4    Shoals: Lair:2-4     Snake: Lair:2-4    Spider: Lair:2-4
  Slime: Lair:5-6

Altars:
Ashenzari
Cheibriados
Dithmenos
Elyvilon
Fedhas
Gozag
Hepliaklqana
Kikubaaqudgha
Makhleb
Nemelex Xobeh
Okawaru
Qazlal
Ru
Sif Muna
Trog
Uskayaw
Vehumet
Wu Jian
Xom
Yredelemnul
Zin
The Shining One
Beogh

Shops:
D:10 (?*?   Orc:1 (

Annotations:
D:10 2 runed translucent doors, exclusion: orange crystal statue
Lair:6 3 exclusions


Innate Abilities, Weirdness & Mutations

You have razor-sharp teeth.
Your natural rate of healing is unusually fast.
When hurt, damage is shared between your health and your magic reserves.
Your bite disrupts and absorbs the magic of your enemies.
Potions cannot restore your health.


Message History

You kill the ice dragon!
Unknown command.
Aiming: Phantom Mirror
Press: ? - help, Dir - move target, f - ice dragon
Aim: an ice dragon (catching its breath)
You reflect the ice dragon with the mirror!
The mirror clouds!
You open the lid... ...and a juvenile firesting beast leaps out!
The box is emptied!
Your ice dragon barely misses the ice dragon.
Your ice dragon claws the ice dragon.
Your ice dragon tramples the ice dragon.
The ice dragon holds its ground!
The ice dragon breathes frost at you. The blast of cold hits you!!
* * * LOW HITPOINT WARNING * * *
You swap places.
Your ice dragon bites the ice dragon.
Your ice dragon claws the ice dragon but does no damage.
Your ice dragon tramples the ice dragon!
The ice dragon holds its ground!
Your juvenile firesting beast barely misses the ice dragon. x2
Your juvenile firesting beast barely misses the ice dragon.
Your juvenile firesting beast closely misses the ice dragon.
You can no longer pass through a line of other dancers.
Aiming: Corrosive Bolt
Press: ? - help, Shift-Dir - straight line, f/p - ice dragon
Aim: an ice dragon (lightly wounded, 81% to hit)
The bolt of acid misses the ice dragon.
The ice dragon barely misses you.
The ice dragon claws you but does no damage.
The ice dragon tramples you!
* * * LOW HITPOINT WARNING * * *
You stumble backwards!
Unknown command.
You completely miss the ice dragon.
You bite the ice dragon, but do no damage.
The ice dragon is lightly wounded.
The ice dragon breathes frost at you. The blast of cold hits you!!!
You die...

## ##.## #.D.#
# #..# #####H.#
##.## ##...#.##
#.#.# #..#...#
##.## ##.##..#
#..## #..#.##
##..# ###H###
#..## ##.D.#
##.## ##.@###
###..# ##..##
#.#.## #..##
###..## #..#
#.....# #..#
##.....## #.##
#.......# ##.#
........## #..#
#........###.##


You could see an ice dragon (catching breath, ally target) and a friendly
juvenile firesting beast (summoned).

Vanquished Creatures
  An ice dragon (IceCv)
  4 hydras
  A centaur warrior (D:11)
  3 two-headed ogres
  Pikel (D:8)
  An orc sorcerer (Orc:1)
  A manticore (Lair:6)
  4 cyclopes (D:11)
  An ugly thing (D:11)
  3 elephants (Lair:6)
  A black mamba (Lair:2)
  6 centaur zombies
  Joseph (D:7)
  2 ice statues (IceCv)
  8 cane toads
  2 rime drakes (IceCv)
  3 unseen horrors (D:11)
  4 komodo dragons
  4 trolls
  A hornet (D:9)
  A slime creature (D:11)
  A meliai (D:11)
  16 blink frogs
  Prince Ribbit (D:5)
  A meliai zombie (D:11)
  3 shadows
  A wyvern (D:7)
  A vampire (D:10)
  42 yaks
  Eustachio (D:4)
  2 basilisks
  A steam dragon (D:10)
  A vampire mosquito (D:11)
  An acid dragon (D:8)
  14 water moccasins
  15 ice beasts
  2 sky beasts
  21 orc warriors
  3 ogres
  6 wolves
  A hornet zombie (D:9)
  11 centaurs
  A lemure (D:8)
  An elf zombie (Ossuary)
  3 kobold brigands
  A wyvern zombie (D:5)
  11 bullfrogs
  2 gnoll sergeants
  2 scorpions
  2 water moccasin zombies (D:5)
  18 killer bees
  9 wights (D:8)
  A water moccasin skeleton (D:5)
  2 electric eels
  2 howler monkeys (D:9)
  3 bullfrog zombies (D:5)
  2 jellies
  3 centaur skeletons
  A hound (D:5)
  7 orc priests
  2 gnoll shamans
  4 scorpion zombies (D:5)
  3 bullfrog skeletons
  Terence (D:2)
  3 iguanas
  9 orc wizards
  3 hell rats (D:7)
  2 killer bee zombies
  3 hound zombies
  2 hound skeletons
  4 mummies (Ossuary)
  2 howler monkey zombies
  2 howler monkey skeletons (D:5)
  9 adders
  12 gnolls
  4 river rats (D:7)
  12 white imps
  2 ufetubi
  An adder skeleton (D:5)
  3 adder zombies (Ossuary)
  4 dart slugs
  2 worms (D:2)
  60 orcs
  4 ball pythons
  4 endoplasms
  3 giant cockroaches
  14 goblins
  4 hobgoblins
  5 jackals
  3 quokkas
  6 bats
  5 frilled lizards
  4 goblin zombies
  A jackal skeleton (D:4)
  A jackal zombie (Ossuary)
  11 kobolds
  An orc zombie (Ossuary)
  A quokka zombie (D:4)
  17 rats
  A rat zombie (Ossuary)
503 creatures vanquished.

Vanquished Creatures (collateral kills)
  A catoblepas (Lair:6)
  An orc knight (D:11)
  A blink frog (Lair:6)
  3 yaks (Lair:1)
  A white imp (Lair:6)
7 creatures vanquished.

Vanquished Creatures (others)
  A water moccasin (Lair:6)
  A quokka (D:7)
  14 fungi
  18 plants
  A withered plant (D:5)
35 creatures vanquished.

Grand Total: 545 creatures vanquished

Notes
Turn   | Place    | Note
-------+----------+-------------------------------------------
     0 | D:1      | tilp the Vine Stalker Brigand began the quest for the Orb.
     0 | D:1      | Reached XP level 1. HP: 11/11 MP: 2/2
   109 | D:1      | Reached XP level 2. HP: 12/15 MP: 1/3
   693 | D:2      | Reached XP level 3. HP: 10/19 MP: 4/4
  1300 | D:2      | Gained mutation: Your natural rate of healing is unusually
                  | fast. [Vine Stalker growth]
  1300 | D:2      | Reached XP level 4. HP: 2/24 MP: 1/5
  1393 | D:2      | Noticed Terence
  1403 | D:2      | Killed Terence
  1765 | D:3      | Noticed an ogre
  1774 | D:3      | Killed an ogre
  1775 | D:3      | Reached XP level 5. HP: 7/29 MP: 1/6
  2413 | D:4      | Reached skill level 1 in Dodging
  2413 | D:4      | Reached skill level 5 in Stealth
  2413 | D:4      | Reached XP level 6. HP: 22/33 MP: 5/7
  2435 | D:4      | Found a sand-covered staircase.
  2454 | Ossuary  | Entered an ossuary
  2538 | Ossuary  | Reached skill level 1 in Shields
  2656 | Ossuary  | Reached XP level 7. HP: 31/37 MP: 6/8
  3004 | D:4      | Noticed Eustachio
  3028 | D:4      | Killed Eustachio
  3029 | D:4      | Reached skill level 5 in Short Blades
  3753 | D:5      | Entered Level 5 of the Dungeon
  3838 | D:5      | Gained mutation: You have razor-sharp teeth. [Vine Stalker
                  | growth]
  3838 | D:5      | Reached XP level 8. HP: 41/42 MP: 7/9
  4465 | D:5      | Noticed Prince Ribbit
  4478 | D:5      | Killed Prince Ribbit
  4479 | D:5      | Reached XP level 9. HP: 24/45 MP: 10/10
  4652 | D:6      | Found a staircase to the Ecumenical Temple.
  4659 | Temple   | Entered the Ecumenical Temple
  4717 | Temple   | Became a worshipper of Uskayaw the Reveller
  4796 | D:6      | Reached * piety under Uskayaw
  5100 | D:6      | Reached ** piety under Uskayaw
  5728 | D:7      | Found a white marble altar of Elyvilon.
  5758 | D:7      | Reached *** piety under Uskayaw
  5760 | D:7      | Reached **** piety under Uskayaw
  5879 | D:7      | Noticed Joseph
  5899 | D:7      | Killed Joseph
  6078 | D:7      | Found the +2 ratskin cloak {*Rats rPois rN+ Str-1 Int-1
                  | Dex+1}
  6337 | D:7      | Reached ***** piety under Uskayaw
  6438 | D:7      | Reached skill level 10 in Short Blades
  6438 | D:7      | Reached skill level 1 in Invocations
  6451 | D:7      | Found a shimmering blue altar of Sif Muna.
  6473 | D:7      | Found a glowing golden altar of the Shining One.
  6541 | D:7      | Identified Sif Muna's Incunabulum of the Entourage
  6548 | D:7      | Reached XP level 10. HP: 49/49 MP: 12/12
  6619 | D:7      | Found a radiant altar of Vehumet.
  6862 | D:8      | Noticed Pikel
  6873 | D:8      | Killed Pikel
  7030 | D:8      | Reached skill level 1 in Evocations
  7111 | D:8      | You fall into a shaft and drop 3 floors!
  7165 | D:10     | Entered Level 10 of the Dungeon
  7168 | D:10     | Noticed a two-headed ogre
  7193 | D:11     | Killed a two-headed ogre
  7194 | D:11     | Reached skill level 5 in Invocations
  7262 | D:10     | Found Dagrafat's Antique Weapon Shop.
  7268 | D:10     | Bought a scorched dagger for 182 gold pieces
  7268 | D:10     | Identified the +9 dagger of Subjectivity {freeze, *Rage
                  | +Blink Will+++ SInv} (You bought it in a shop on level 10
                  | of the Dungeon)
  7278 | D:10     | Found a flagged portal.
  7317 | Bailey   | Entered a bailey
  7588 | Bailey   | Reached XP level 11. HP: 53/53 MP: 14/18
  7596 | Bailey   | Reached ****** piety under Uskayaw
  7597 | Bailey   | Reached skill level 1 in Armour
  7887 | D:10     | Noticed a two-headed ogre
  8254 | D:8      | Found an ancient bone altar of Kikubaaqudgha.
  9135 | D:9      | Found a glowing silver altar of Zin.
  9220 | D:9      | Found an opulent altar of Gozag.
  9386 | D:9      | Found a hazy altar of Hepliaklqana.
  9387 | D:9      | Found a faded altar of an unknown god.
  9566 | D:10     | Found Cuewae's General Store.
  9616 | D:10     | Bought a scroll of identify for 24 gold pieces
  9616 | D:10     | Bought a scroll of enchant weapon for 90 gold pieces
  9645 | D:10     | Reached skill level 5 in Fighting
  9648 | D:10     | Found Ziwoush's Magic Scroll Emporium.
  9659 | D:10     | Bought a scroll of identify for 30 gold pieces
  9659 | D:10     | Bought a scroll of enchant weapon for 112 gold pieces
  9659 | D:10     | Bought a scroll of identify for 30 gold pieces
  9659 | D:10     | Bought a scroll of identify for 30 gold pieces
  9659 | D:10     | Bought a scroll of identify for 30 gold pieces
  9833 | D:10     | Noticed an orange crystal statue
  9835 | D:10     | Found a runed translucent door.
  9836 | D:10     | Found the +10 tower shield of Ignorance {rN+ Int-4}
  9859 | D:10     | Found a runed translucent door.
  9965 | D:10     | Killed a two-headed ogre
  9972 | D:10     | Found Goashr Lickon's Magic Scroll Shoppe.
  9985 | D:10     | Bought a scroll of enchant weapon for 90 gold pieces
 10022 | D:11     | Reached skill level 5 in Dodging
 10045 | D:11     | Noticed a five-headed hydra
 10054 | D:11     | Killed a five-headed hydra
 10057 | D:11     | Identified the +7 chain mail "Koolan" {-Tele rF+ Dex+2}
 10071 | D:11     | Noticed a cyclops
 10083 | D:11     | Killed a cyclops
 10144 | D:11     | Reached XP level 12. HP: 60/60 MP: 19/19
 10193 | D:11     | Reached skill level 5 in Armour
 10246 | D:11     | Noticed a centaur warrior
 10406 | D:11     | Noticed a two-headed ogre
 10432 | D:11     | Killed a two-headed ogre
 10513 | D:11     | Found a staircase to the Lair.
 10556 | D:11     | Found a staircase to the Orcish Mines.
 10584 | D:11     | Killed a centaur warrior
 10948 | D:11     | Reached skill level 10 in Stealth
 10948 | D:11     | Reached skill level 10 in Invocations
 11124 | D:11     | Found an iron altar of Okawaru.
 11299 | D:10     | Bought a scroll of teleportation for 36 gold pieces
 11299 | D:10     | Bought a scroll of fear for 42 gold pieces
 11322 | D:10     | Bought a scroll of teleportation for 45 gold pieces
 11362 | Orc:1    | Entered Level 1 of the Orcish Mines
 11605 | Orc:1    | Found Kuoriuv's Antique Weapon Boutique.
 11707 | Orc:1    | Reached XP level 13. HP: 68/68 MP: 19/21
 11954 | Lair:1   | Entered Level 1 of the Lair of Beasts
 12219 | Lair:1   | HP: 2/68 [komodo dragon (8)]
 12443 | Lair:1   | Found a sparkling altar of Nemelex Xobeh.
 12510 | Lair:1   | Found the +2 Maxwell's thermic engine {flame, freeze}
 13759 | Lair:2   | Identified a scroll of acquirement
 13759 | Lair:2   | Acquired a manual of Invocations
 13866 | Lair:3   | You fall into a shaft and drop 3 floors!
 13866 | Lair:6   | Entered Level 6 of the Lair of Beasts
 13880 | Lair:6   | Reached skill level 5 in Shields
 14080 | Lair:6   | Found an iron altar of Okawaru.
 14130 | Lair:6   | Reached XP level 14. HP: 74/74 MP: 23/23
 14140 | Lair:6   | Found a frozen archway.
 14198 | IceCv    | Entered an ice cave
 14607 | IceCv    | Killed from afar by an ice dragon

Illustrated notes

Levels and vault maps discovered:
D:1:      wander_arrival_chamber, layout_basic
D:2:      layout_rooms, grunt_ministairs_8, minmay_split_cup_large, uniq_terence
D:3:      layout_basic
D:4:      layout_cave_pods, enter_ossuary_4, grunt_decor_mini_mirrors,
          uniq_eustachio
D:5:      layout_loops_ring, serial_undead, serial_undead_d, serial_undead_c,
          serial_undead_b, serial_undead_a, serial_undead_b, serial_undead_a,
          serial_undead_a, uniq_prince_ribbit1
D:6:      layout_basic, minmay_temple_entry_wispy, patterned_corridor
D:7:      wander_guarded_unrand_ratskin, layout_cave_pools, elyvilon_altar_4,
          led_sif_book, lemuel_tele_altar, kennysheep_mini_moat, uniq_joseph
D:8:      layout_basic, marbit_many_paths, uniq_pikel
D:9:      layout_loops_ring, pdpol_temple_overflow_zin_treasury_gozag_greed,
          beargit_hepliaklqana_dungeon_heroes, grunt_ministairs_9
D:10:     layout_rooms, enter_bailey_5, serial_shops, nicolae_shop_stone,
          shop_statue, nicolae_shop_waterfront, nicolae_shop_overgrown_old_shop,
          nicolae_lava_and_water, chequers_guarded_unrand_ignorance
D:11:     minmay_bloctagon, layout_irregular_city,
          grunt_lair_entry_orc_guard_hut, david_orc_5,
          hangedman_abyss_or_decor_stabs, grunt_decor_arrowhead, okawaru_trees_1
Temple:   eino_temple_lava
Lair:1:   layout_chaotic_city, basic_altar, serial_bayou_ford_a,
          chequers_serial_rivers_micro_d, grunt_megastairs_2,
          serial_bayou_shore_a
Lair:2:   layout_regular_city, minivault_19, grunt_megastairs_3
Lair:3:   layout_regular_city, spider_nest_entry_funnel_web, serial_forest,
          infiniplex_forest_clump_curved, infiniplex_forest_clump_large,
          infiniplex_forest_zigzag_2, infiniplex_forest_lined_3,
          infiniplex_forest_clump_curved, infiniplex_forest_side_room
Lair:6:   evilmike_catoblepas_cave, layout_misc_corridors, basic_altar,
          portal_ice_cave_entry_imps
Orc:1:    layout_diamond_mine, serial_shops, shop, hellmonk_bongcloud_opening,
          minmay_orc_temple_a
IceCv:    ice_cave_small_dragons

Skill      XL: |  1  2  3  4  5  6  7  8  9 10 11 12 13 14 |
---------------+-------------------------------------------+-----
Fighting       | 2 3 4 5 7 8 9 |  9.1
Short Blades   | 2 3 4 5 8 10 | 10.0
Dodging        | 1 2 4 5 6 7 |  7.3
Stealth        | 5 6 8 10 11 | 11.6
Shields        | 1 2 4 5 |  5.9
Invocations    | 2 8 9 10 11 | 11.4
Evocations     | 4 |  4.0
Armour         | 4 8 9 |  9.8
Throwing       | |  1.7

Action                   |  1- 3 |  4- 6 |  7- 9 | 10-12 | 13-15 || total
-------------------------+-------+-------+-------+-------+-------++-------
Melee: Dagger            |   100 |   178 |   410 |   639 |   378 ||  1705
       Bite              |    20 |    66 |   153 |   227 |   137 ||   603
Throw: Dart              |     9 |     9 |    23 |    12 |       ||    53
Invok: Grand Finale      |       |       |       |       |     1 ||     1
Evoke: Wand              |       |       |       |     7 |     1 ||     8
       Box of beasts     |       |       |       |       |     1 ||     1
       Phantom mirror    |       |       |       |       |     1 ||     1
  Use: Scroll            |     1 |     4 |    11 |    13 |     5 ||    34
       Potion            |     1 |       |     1 |     3 |       ||     5
 Stab: Sleeping          |     7 |     4 |     8 |    12 |    13 ||    44
       Paralysed         |       |       |     8 |    51 |    33 ||    92
       Distracted        |       |       |       |     2 |     2 ||     4
       Petrified         |       |       |       |       |     2 ||     2
Armor: Ring mail         |    38 |     2 |       |   101 |   113 ||   254
       Scale mail        |       |   134 |   120 |    86 |       ||   340
       Leather armour    |       |       |       |     4 |       ||     4
Dodge: Dodged            |    37 |    93 |   110 |   220 |   129 ||   589
Block: Buckler           |       |    47 |    59 |    63 |       ||   169
       Kite shield       |       |       |       |   135 |   144 ||   279

Table legend: (Time is in decaauts)
 A = Elapsed time spent in this place.
 B = Non-inter-level travel time spent in this place.
 C = Inter-level travel time spent in this place.
 D = Time resting spent in this place.
 E = Time spent auto-exploring this place.
 F = Levels seen in this place.
 G = Mean time per level.
                   A        B        C        D        E       F      G
               +--------+--------+--------+--------+--------+-----+--------+
         Total |  14359 |  13620 |    739 |   1272 |   8884 |  20 |  718.0 |
       Dungeon |  10133 |   9525 |    608 |    950 |   6514 |  11 |  921.2 |
        Temple |     67 |     57 |     10 |      0 |     56 |   1 |   67.0 |
          Lair |   2278 |   2181 |     97 |     86 |   1473 |   4 |  569.5 |
  Orcish Mines |    576 |    553 |     23 |     77 |    373 |   1 |  576.0 |
       Ossuary |    422 |    422 |      0 |    120 |    114 |   1 |  422.0 |
        Bailey |    507 |    507 |      0 |      3 |    214 |   1 |  507.0 |
      Ice Cave |    373 |    373 |      0 |     35 |    139 |   1 |  373.0 |
               +--------+--------+--------+--------+--------+-----+--------+

Top non-repeatable levels by time:
    D:11: 1374 daAuts
     D:8: 1058 daAuts
     D:6: 1011 daAuts
     D:7: 1009 daAuts
     D:2: 920 daAuts
  Lair:1: 916 daAuts
     D:4: 895 daAuts
  Lair:2: 886 daAuts
     D:5: 828 daAuts
     D:9: 820 daAuts
     D:3: 794 daAuts
    D:10: 755 daAuts
     D:1: 665 daAuts
   Orc:1: 576 daAuts
  Bailey: 507 daAuts
